Tangles, chaotic female sylph Rogue ... ..... --- ....... --.-- -....--------...-- --...--....[.-...| --....s.....[....| |.....GE....%....| --...............| ---.------.....-- --- --.|.-- ----- Tangles the Rogue Experience level: 6 Strength: 13 Dexterity: 18 Constitution: 12 Intelligence: 11 Wisdom: 11 Charisma: 9 Health: 0(39) Energy: 28(28) Def: 0 Gold: 16 Moves: 3189 Dungeon seed: Jgr8a6Vy2Y-kBr7g Game ID: Tangles_1467535439 Your Inventory: Coins $ - 16 gold pieces Weapons a - a +0 short sword (weapon in hand) b - a +0 dwarvish short sword m - 15 +0 daggers (in quiver) u - 5 +0 daggers S - a +3 dagger Armor c - an uncursed +0 dwarvish cloak d - an uncursed +0 dwarvish cloak w - an uncursed +0 dwarvish cloak A - an uncursed +0 dwarvish cloak O - a blessed +0 pair of kicking boots P - an uncursed +0 dwarvish cloak Comestibles s - an uncursed partly eaten food ration t - an uncursed cram ration v - an uncursed tin of giant bat meat E - an uncursed eucalyptus leaf J - 2 uncursed food rations Scrolls F - an uncursed scroll of blank paper M - a cursed scroll of water Spellbooks i - an uncursed spellbook of slow monster Q - an uncursed spellbook of healing Potions p - an uncursed potion of acid Z - an uncursed potion of water Rings g - an uncursed +1 ring of gain constitution x - an uncursed ring of fire resistance G - an uncursed ring of poison resistance L - an uncursed ring of conflict Wands h - a wand of opening (0:3) Tools f - an uncursed sack j - a +0 pick-axe k - an uncursed brass lantern (lit) (0:1186) l - an uncursed lock pick n - an uncursed blindfold B - 11 uncursed tallow candles (0:200) C - 4 cursed tallow candles (0:200) W - 3 blessed tallow candles (0:200) X - an uncursed towel Gems q - 2 uncursed worthless pieces of green glass r - an uncursed worthless piece of yellowish brown glass y - 3 uncursed worthless pieces of red glass z - 2 uncursed worthless pieces of orange glass D - an uncursed amethyst stone N - 2 uncursed worthless pieces of black glass R - an uncursed worthless piece of yellow glass V - an uncursed worthless piece of white glass Y - 2 uncursed worthless pieces of violet glass Contents of the sack: 122 gold pieces a blessed scroll of remove curse 3 uncursed scrolls of scare monster a cursed scroll of teleportation an uncursed potion of gain energy an uncursed potion of healing an uncursed potion of sickness Spells and supernatural/magical abilities: Name Level Category Fail Memory W - pray for help -- divine ? -- Your skills at the end: Miscellaneous Skills wands [Basic] Weapon Skills dagger [Basic] short sword [Basic] Spellcasting Skills healing spells [Basic] Final Attributes: You were devoutly aligned. You saw invisible. You were telepathic. You had infravision. You were stealthy. You were protected from shape changers. You are dead. Vanquished creatures: a gnome king a rock mole a yellow light a violet fungus 3 gnome lords a gnomish wizard a paper golem 3 floating eyes 7 dwarves an iguana a large kobold a gecko 4 giant rats a brown mold a yellow mold a red mold 22 gnomes 2 gnome zombies 2 jackals a fox 2 kobolds 3 newts a goblin 2 sewer rats 6 grid bugs 2 lichens a kobold zombie 73 creatures vanquished. Voluntary challenges: You had followed a strict vegan diet until turn 1905. You had followed a strict vegetarian diet until turn 1905. You did not wear any clothing or armor. You used a wielded weapon 93 times, starting on turn 1. You did not apply a unicorn horn. You read items or engraved 3 times, starting on turn 894. You never genocided any monsters. You never polymorphed an object. You never changed form. You used no wishes. You never split a pudding. You never wrote Elbereth's name. You violated your moral code, losing 1 point of alignment, starting on turn 1905. Dungeon overview: The Dungeons of Doom: levels 1 to 5 Level 1 a long staircase Level 2 Level 3 Level 4 a delicatessen, some fountains stairs to The Gnomish Mines Level 5 The Gnomish Mines: levels 5 to 7 Level 5 stairs to The Dungeons of Doom Level 6 Level 7 <- You were here History has recorded: On T:1 you entered the Dungeons of Doom to retrieve the Amulet of Yendor! On T:296 you reached level 2 of The Dungeons of Doom. On T:358 you reached level 3 of The Dungeons of Doom. On T:494 you advanced to experience level 2. On T:810 you reached level 4 of The Dungeons of Doom. On T:992 you advanced to experience level 3. On T:1190 you reached level 5 of The Dungeons of Doom. On T:1277 you reached level 1 of The Gnomish Mines. On T:1298 you reached level 2 of The Gnomish Mines. On T:1373 you advanced to experience level 4. On T:1696 you advanced to experience level 5. On T:2684 you reached level 3 of The Gnomish Mines. On T:2855 you advanced to experience level 6. Score breakdown: Gold: 138 ( 13 points) Experience: 6 levels ( 500 points) Exploration: 7 levels ( 180 points) Discoveries: 4 items ( 200 points) Variety of kills: 27 monsters ( 1350 points) Major goal: (nothing yet) ( 0 points) Survival: died (score multiplied by 3) Total score: 6729 Latest messages: You kill the dwarf! You have a little trouble lifting M - a scroll labeled VE FORBRYDERNE. You have a little trouble lifting N - a black gem. There are several more objects here. You have a little trouble lifting P - a hooded cloak. m - 4 +0 daggers (in quiver). You rebalance your load. Movement is difficult. You drop an uncursed +1 leather armor. Your movements are only slowed slightly by your load. You have a little trouble lifting q - a green gem. You hear some noises in the distance. The gnome lord punches you! The giant spider bites! The gnome lord punches you! The giant spider bites! (3x) The giant spider's bite was poisoned! The giant spider bites! You die... Final status: Goodbye Tangles the Rogue, killed by a giant spider... You died in The Gnomish Mines on dungeon level 7 with 6729 points, and 138 pieces of gold, after 3189 moves. You were level 6 with a maximum of 39 hit points when you died.